 Dungeon Crawl Stone Soup version 0.27-a0-46-g34d46f0a3f (webtiles) character file.

Game seed: 13388703874552118502

4778 Borgoz the Grappler (level 10, -1/88 HPs)
             Began as a Ghoul Monk on Jan 6, 2021.
             Was a Believer of Okawaru.
             Killed by divine providence
             ... invoked by an orc priest
              (10 damage)
             ... on level 8 of the Dungeon.
             The game lasted 00:11:51 (10610 turns).

Borgoz the Grappler (Ghoul Monk)                   Turns: 10610, Time: 00:11:52

Health: -1/88      AC:  6    Str: 16    XL:     10   Next: 47%
Magic:  9/9        EV: 15    Int: 11    God:    Okawaru [**....]
Gold:   461        SH:  3    Dex: 14    Spells: 9/9 levels left

rFire    . . .     SeeInvis .     - Unarmed
rCold    + . .     Faith    .   l - +0 buckler (curse)
rNeg     + + +     Spirit   .   m - +1 ring mail {rPois}
rPois    ∞         Reflect  .   (no helmet)
rElec    .         Harm     +   f - scarf {harm}
rCorr    +         Rampage  .   (no gloves)
Will     .....                  (no boots)
Stlth    +.........             (no amulet)
HPRegen  0.00/turn              o - ring of resist corrosion
MPRegen  0.11/turn              t - +6 ring of intelligence

@: mighty, brilliant
A: claws 1, cold resistance 1, negative energy resistance 3, inhibited
regeneration, torment resistance, unbreathing
a: Renounce Religion, Heroism


You were on level 8 of the Dungeon.
You worshipped Okawaru.
Okawaru was pleased with you.
You visited 2 branches of the dungeon, and saw 9 of its levels.

You collected 461 gold pieces.

Inventory:

Missiles
 z - a throwing net (quivered)
Armour
 f - a scarf of harm (worn)
 l - a cursed +0 buckler (worn)
 m - a +1 ring mail of poison resistance (worn)
 u - a +2 leather armour of cold resistance
Jewellery
 e - an uncursed ring of flight
 o - a ring of resist corrosion (left claw)
 t - a +6 ring of intelligence (right claw)
Wands
 j - a wand of acid (5)
 p - a wand of flame (18)
 r - a wand of disintegration (13)
 s - a wand of iceblast (15)
 A - a wand of paralysis (6)
Scrolls
 a - 4 scrolls of fog
 b - 2 scrolls of fear
 c - a scroll of enchant weapon {unknown}
 d - 2 scrolls of teleportation
 h - 5 scrolls of remove curse
 k - a scroll of enchant armour
 n - 3 scrolls of blinking
 y - a scroll of magic mapping {unknown}
 B - a scroll of summoning
Potions
 g - 2 potions of flight
 i - a potion of resistance
 w - a potion of berserk rage


   Skills:
 + Level 8.1 Fighting
 * Level 9.2 Dodging
 - Level 2.1 Stealth
 * Level 10.9 Unarmed Combat


You had 9 spell levels left.
You didn't know any spells.
Your spell library was empty.

Dungeon Overview and Level Annotations

Branches:
Dungeon (8/15)             Temple (1/1) D:7
   Lair: D:8-11

Altars:
Ashenzari
Cheibriados
Dithmenos
Elyvilon
Gozag
Hepliaklqana
Kikubaaqudgha
Makhleb
Nemelex Xobeh
Okawaru
Qazlal
Ru
Sif Muna
Trog
Uskayaw
Vehumet
Wu Jian
Xom
Yredelemnul
Zin
The Shining One

Shops:
D:4 *

Annotations:
D:7 2 transporters, Dracia's ghost, novice TrMo


Innate Abilities, Weirdness & Mutations

You thrive by killing the living.
You are immune to poison.
You have sharp fingernails.
Your flesh is cold resistant. (rC+)
You are immune to negative energy. (rN+++)
You do not regenerate when monsters are visible.
You are immune to unholy pain and torment.
You can survive without breathing.


Message History

The wolf is lightly wounded.
The wolf bites you.
* * * LOW HITPOINT WARNING * * *
You barely miss the wolf.
The wolf is lightly wounded.
The wolf barely misses you.
You miss the wolf.
The wolf is lightly wounded.
You block the wolf's attack. The wolf bites you!
* * * LOW HITPOINT WARNING * * *
It was a potion of berserk rage.
You cannot raise a blood rage in your lifeless body.
The wolf bites you!
* * * LOW HITPOINT WARNING * * *
It was a potion of brilliance.
You feel clever all of a sudden. The wolf barely misses you. x2
The orc priest calls down the wrath of Beogh upon you.
Beogh smites you!
You die... ## #### .. .o. .# #ho

.# #h# .# #h# # .#
###########@###.#
.####................#
......#..........###.#
.###.###>#.####..# #
....## #..# #$.#
.###.###.#.####..# #
.#
##.#..........###.##.
.#
#...##..............
.#
#.#.##..###.........


You could see 3 wolves and 2 orc priests.

Vanquished Creatures
  Pikel (D:6)
  A manticore (D:8)
  Joseph (D:7)
  Psyche (D:8)
  Sigmund (D:5)
  An orc warrior (D:6)
  3 ice beasts
  Duvessa (D:7)
  A sky beast (D:5)
  A black bear (D:8)
  3 phantoms
  3 centaurs
  3 ogres
  2 lemures (D:6)
  4 bullfrogs
  Dowan (D:7)
  A wyvern skeleton (D:7)
  A scorpion (D:8)
  A howler monkey (D:6)
  Crazy Yiuf (D:7)
  2 centaur skeletons
  2 jellies
  2 bullfrog skeletons (D:5)
  7 orc priests
  8 orc wizards
  An iguana (D:5)
  Natasha (thrice) (D:4)
  Ijyb (D:5)
  8 worker ants
  A killer bee zombie (D:8)
  7 gnolls
  14 adders
  4 white imps
  2 ufetubi
  An adder skeleton (D:6)
  3 worms
  A dart slug (D:2)
  7 leopard geckos
  23 orcs
  6 giant cockroaches
  4 goblins
  10 hobgoblins
  9 jackals
  A kobold (D:3)
  4 quokkas
  2 ball pythons
  5 bats
  4 frilled lizards
  A jackal zombie (D:5)
  A leopard gecko zombie (D:6)
  7 rats
183 creatures vanquished.

Vanquished Creatures (others)
  2 orcs (D:7)
2 creatures vanquished.

Grand Total: 185 creatures vanquished

Notes
Turn   | Place    | Note
-------+----------+-------------------------------------------
     0 | D:1      | Borgoz the Ghoul Monk began the quest for the Orb.
     0 | D:1      | Reached XP level 1. HP: 19/19 MP: 0/0
   724 | D:1      | Reached XP level 2. HP: 26/26 MP: 1/1
  1310 | D:2      | Reached XP level 3. HP: 22/31 MP: 2/2
  1379 | D:2      | Reached skill level 4 in Unarmed Combat
  1704 | D:2      | Reached XP level 4. HP: 40/40 MP: 3/3
  2345 | D:2      | Found a faded altar of an unknown god.
  2675 | D:3      | Reached XP level 5. HP: 42/46 MP: 4/4
  2941 | D:4      | Noticed Natasha
  2944 | D:4      | Killed Natasha
  3111 | D:4      | Reached skill level 5 in Unarmed Combat
  3265 | D:4      | Reached XP level 6. HP: 50/53 MP: 5/5
  3321 | D:4      | Noticed a phantom
  3404 | D:4      | Noticed Natasha
  3411 | D:4      | Killed Natasha
  3536 | D:4      | Noticed Natasha
  3543 | D:4      | Killed Natasha
  3900 | D:4      | Killed a phantom
  3901 | D:4      | Reached XP level 7. HP: 21/60 MP: 6/6
  4174 | D:4      | Reached skill level 6 in Unarmed Combat
  4182 | D:4      | Reached skill level 5 in Dodging
  4378 | D:4      | Found Syiq's General Store.
  4385 | D:4      | You fall into a shaft and drop 3 floors!
  4386 | D:7      | Noticed Dowan
  4389 | D:7      | Found a runed translucent door.
  4390 | D:7      | Noticed Crazy Yiuf
  4398 | D:7      | Killed Crazy Yiuf
  4421 | D:7      | Noticed Duvessa
  4442 | D:7      | Killed Duvessa
  4443 | D:7      | Reached skill level 5 in Fighting
  4462 | D:7      | Killed Dowan
  4600 | D:7      | Found a staircase to the Ecumenical Temple.
  4613 | D:7      | Reached skill level 7 in Unarmed Combat
  4613 | D:7      | Reached XP level 8. HP: 36/69 MP: 7/7
  4736 | Temple   | Entered the Ecumenical Temple
  5281 | D:7      | Found a transporter.
  5285 | D:7      | Noticed Dracia's ghost (novice TrMo)
  5286 | D:7      | Noticed a yak
  5288 | D:7      | Noticed a catoblepas
  5288 | D:7      | Noticed a moth of wrath
  5296 | D:7      | Found a transporter.
  5317 | D:7      | Noticed Joseph
  5331 | D:7      | Noticed Pikel
  5903 | D:5      | Entered Level 5 of the Dungeon
  6195 | D:5      | Reached skill level 8 in Unarmed Combat
  6586 | D:5      | Reached XP level 9. HP: 49/75 MP: 8/8
  7029 | D:5      | Noticed Ijyb
  7040 | D:5      | Killed Ijyb
  7043 | D:5      | Found a snail-covered altar of Cheibriados.
  7103 | D:5      | Found a hide-covered altar of Uskayaw.
  7119 | D:5      | Noticed Sigmund
  7130 | D:5      | Killed Sigmund
  7461 | D:5      | Reached skill level 9 in Unarmed Combat
  8259 | D:6      | Killed Pikel
  8580 | D:6      | Reached skill level 10 in Unarmed Combat
  8787 | D:7      | Found a hazy altar of Hepliaklqana.
  8842 | D:7      | Killed Joseph
  8843 | D:7      | Reached XP level 10. HP: 44/86 MP: 9/9
  9377 | D:7      | Found an iron altar of Okawaru.
  9540 | D:7      | Became a worshipper of Warmaster Okawaru
  9540 | D:7      | Reached * piety under Okawaru
  9540 | D:7      | Reached ** piety under Okawaru
  9816 | D:8      | Found a snail-covered altar of Cheibriados.
  9869 | D:8      | Noticed a manticore
  9885 | D:8      | Killed a manticore
 10265 | D:8      | Paralysed by an orc for 6 turns
 10283 | D:8      | Noticed Psyche
 10296 | D:8      | Killed Psyche
 10550 | D:8      | Found a shimmering blue altar of Sif Muna.
 10610 | D:8      | Killed from afar by an orc priest

Illustrated notes

Levels and vault maps discovered:
D:1:      lightli_arrival_statue_moat, layout_basic, serial_bayou,
          serial_bayou_ford_a, serial_bayou_pond_b, serial_bayou_shore_a,
          serial_bayou_pond_d, minmay_misc_feat_hallway, minmay_misc_feat_x,
          grunt_decor_arrowhead
D:2:      layout_basic, chequers_ecumenical_altar_lobes, st_stairs_12
D:3:      layout_rooms
D:4:      layout_basic, serial_shops, nicolae_shop_waterfront,
          grunt_ministairs_7, uniq_natasha
D:5:      layout_basic, grunt_temple_overflow_open,
          hangedman_abyss_or_decor_stabs, uniq_sigmund, uniq_ijyb
D:6:      layout_loops_cross
D:7:      layout_basic, lemuel_round_altar, kennysheep_mini,
          minmay_temple_entry_stoned_glass, gammafunk_ghost_berserking_beasts,
          grunt_decor_fettered, uniq_joseph, uniq_duvessa,
          uniq_crazy_yiuf_cottage, uniq_pikel
D:8:      layout_loops_ring, lemuel_coloured_pillars_altar, basic_altar,
          kennysheep_okawaru_gauntlet, uniq_psyche, uniq_grum
Temple:   nicolae_temple_elliptical

Skill      XL: |  1  2  3  4  5  6  7  8  9 10 |
---------------+-------------------------------+-----
Dodging        | 3 4 5 7 8 9 |  9.2
Unarmed Combat | 4 5 7 8 10 | 10.9
Fighting       | 4 5 6 7 8 |  8.1
Stealth        | |  2.1

Action                   |  1- 3 |  4- 6 |  7- 9 | 10-12 || total
-------------------------+-------+-------+-------+-------++-------
Melee: Unarmed           |    97 |   258 |   402 |   120 ||   877
       Punch             |     1 |       |       |       ||     1
Throw: Throwing net      |       |       |       |     2 ||     2
Evoke: Wand              |       |       |       |     1 ||     1
  Use: Scroll            |     2 |     1 |     9 |     2 ||    14
       Potion            |     1 |     7 |     1 |     5 ||    14
 Stab: Sleeping          |     3 |       |     2 |     3 ||     8
       Invisible         |       |     2 |       |       ||     2
       Held in net/web   |       |       |       |     1 ||     1
Armor: Robe              |    26 |     8 |       |       ||    34
       Ring mail         |       |    56 |   113 |    23 ||   192
Dodge: Dodged            |   116 |   149 |   255 |    80 ||   600
Block: Buckler           |       |    28 |    66 |     9 ||   103

Table legend: (Time is in decaauts)
 A = Elapsed time spent in this place.
 B = Non-inter-level travel time spent in this place.
 C = Inter-level travel time spent in this place.
 D = Time resting spent in this place.
 E = Time spent auto-exploring this place.
 F = Levels seen in this place.
 G = Mean time per level.
                   A        B        C        D        E       F      G
               +--------+--------+--------+--------+--------+-----+--------+
         Total |  10551 |  10043 |    508 |   3113 |   5276 |   9 | 1172.3 |
       Dungeon |  10298 |   9818 |    480 |   3003 |   5161 |   8 | 1287.2 |
        Temple |    253 |    225 |     28 |    110 |    115 |   1 |  253.0 |
               +--------+--------+--------+--------+--------+-----+--------+

Top non-repeatable levels by time:
     D:6: 1767 daAuts
     D:7: 1694 daAuts
     D:4: 1518 daAuts
     D:5: 1514 daAuts
     D:1: 1317 daAuts
     D:2: 1134 daAuts
     D:8: 864 daAuts
     D:3: 485 daAuts
  Temple: 253 daAuts
